 Dungeon Crawl Stone Soup version 0.25-a0-578-gc91f01c39c (webtiles) character file.

Game seed: 15538506102653648294, levelgen mode: deterministic

7186 Eurus the Transmogrifier (level 10, -17/86 HPs)
             Began as a Purple Draconian Transmuter on Mar 3, 2020.
             Was a Believer of Qazlal.
             Demolished by an orc warrior
             ... wielding a +3 halberd
              (23 damage)
             ... on level 10 of the Dungeon.
             The game lasted 00:43:31 (16674 turns).

Eurus the Transmogrifier (DrTm)                    Turns: 16674, Time: 00:43:31

Health: -17/86     AC: 10    Str: 12    XL:     10   Next: 87%
Magic:  15/21      EV: 16    Int: 14    God:    Qazlal [**....]
Gold:   1622       SH:  6    Dex: 15    Spells: 19/24 levels left

rFire    + . .     SeeInvis +     - Unarmed
rCold    . . .     Gourm    .   (no shield)
rNeg     . . .     Faith    .   (armour unavailable)
rPois    .         Spirit   .   (helmet restricted)
rElec    .         Reflect  +   g - scarf {repulsion}
rCorr    .         Harm     .   s - +1 pair of gloves
MR       +....                  h - +0 pair of boots {run}
Stlth    +.........             y - +4 amulet of reflection
HPRegen  0.24/turn              m - ring of protection from fire
MPRegen  0.17/turn              w - ring of see invisible

@: appendage, very slightly contaminated, repel missiles, quick
A: breathe power, unfitting armour, horns 2, cold-blooded, AC +7
a: Breathe Dispelling Energy, End Transformation, Upheaval, Renounce Religion


You were on level 10 of the Dungeon.
You worshipped Qazlal.
Qazlal was pleased with you.
You were not hungry.
You had grown temporary horns.
You visited 3 branches of the dungeon, and saw 13 of its levels.

You collected 2360 gold pieces.
You spent 738 gold pieces at shops.

Inventory:

Missiles
 a - 141 arrows
Armour
 g - a scarf of repulsion (worn)
 h - a +0 pair of boots of running (worn)
 q - a +0 cloak of invisibility
 s - a +1 pair of gloves (worn)
Jewellery
 j - a +3 ring of strength {unknown}
 m - a ring of protection from fire (left hand)
 t - an uncursed ring of protection from fire
 v - an uncursed ring of resist corrosion
 w - a ring of see invisible (right hand)
 y - a +4 amulet of reflection (around neck)
Wands
 l - a wand of flame (42)
 x - a wand of random effects (18)
 C - a wand of acid (11)
Scrolls
 b - 5 scrolls of identify
 f - 5 scrolls of remove curse
 i - a scroll of fog
 k - 6 scrolls of blinking
 o - 5 scrolls of amnesia
 r - a scroll of fear
 A - 2 scrolls of magic mapping
 B - 2 scrolls of teleportation
Potions
 d - a potion of flight {unknown}
 e - a potion of degeneration
 n - 2 potions of haste
 p - 2 potions of stabbing
 u - 3 potions of heal wounds
 D - 2 potions of mutation {unknown}
 E - 2 potions of curing
Comestibles
 c - 18 rations


   Skills:
 + Level 7.5 Fighting
 + Level 6.5 Dodging
 * Level 8.6 Unarmed Combat
 + Level 7.8 Spellcasting
 + Level 9.1 Transmutations
 + Level 1.1 Invocations


You had 19 spell levels left.
You knew the following spells:

 Your Spells              Type           Power        Failure   Level  Hunger
a - Beastly Appendage     Tmut           ####..       1%          1    None
b - Sticks to Snakes      Tmut           ####....     1%          2    None
c - Passwall              Tmut/Erth      ###.....     3%          2    None

Your spell library contained the following spells:

 Spells                   Type           Power        Failure   Level  Hunger
 Spider Form              Tmut/Pois      ###.......   6%          3    ##.....
 Blade Hands              Tmut           ####......   9%          5    #####..
 Sandblast                Erth           #.....       13%         1    None
 Ice Form                 Ice/Tmut       ###.....     21%         4    ####...
 Petrify                  Tmut/Erth      ###.....     21%         4    ####...
 Stone Arrow              Conj/Erth      #.....       36%         3    ##.....
 Lee's Rapid Deconstruct  Erth           #.........   98%         5    #####..


Dungeon Overview and Level Annotations

Branches:
Dungeon (10/15)            Temple (1/1) D:6            Lair (2/6) D:9
    Orc (0/2) D:10
  Swamp: Lair:2-4    Shoals: Lair:2-4     Snake: Lair:2-4    Spider: Lair:2-4

Altars:
Ashenzari
Cheibriados
Dithmenos
Gozag
Kikubaaqudgha
Makhleb
Nemelex Xobeh
Qazlal
Ru
Sif Muna
Trog
Vehumet
Xom
Yredelemnul
Zin

Shops:
D:7 *[*?[   D:8 (   D:9 [

Annotations:
D:3 exclusions: downstairs and 2 orc wizards


Innate Abilities, Weirdness & Mutations

You can breathe bolts of dispelling energy.
Your rich purple scales are hard. (AC +7)
You cannot fit into any form of body armour.
You are cold-blooded and may be slowed by cold attacks.
You have a pair of horns on your head.


Message History

You create a snake!
You now have 142 arrows.
Your adder barely misses the orc warrior.
The orc warrior misses your adder.
Casting: Sticks to Snakes (safe; 1% risk of failure)
Confirm with . or Enter, or press ? or * to list all spells.
You miscast Sticks to Snakes.
You are very lightly contaminated with residual magic.
Your skin tingles.
Your adder bites the orc warrior but does no damage.
The orc warrior hits your adder with a +3 halberd!!
Your adder dies!
The orc warrior shouts!
Casting: Sticks to Snakes (safe; 1% risk of failure)
Confirm with . or Enter, or press ? or * to list all spells.
You create a snake!
You now have 141 arrows.
The orc warrior hits your adder with a +3 halberd!
Your adder dies!
Your water moccasin misses the orc warrior.
The orc warrior hits you from afar with a +3 halberd!!
You die...

####.#### ##.## ...
#...# ...) #...#
#.# #...# ## #...#
..
.#.#####<.)####.#
.......[[o....<.###
........S....#.....
..#.......○@.....#
#####.....###..#
#.....# . #.....#
#...J.# #.....#
###.>.. #.#### #..


You could see an orc warrior, a jelly and a friendly water moccasin.

Vanquished Creatures
  An unseen horror (D:10)
  4 blink frogs
  3 hippogriffs
  A vampire (D:9)
  8 yaks
  3 wargs
  Menkaure (D:5)
  Duvessa (D:5)
  A porcupine (Lair:1)
  An orc warrior (D:8)
  A necrophage (D:5)
  3 phantoms
  2 black bears
  3 ogres
  A centaur (D:5)
  A crocodile (D:9)
  3 bullfrogs
  Dowan (D:5)
  A water moccasin zombie (D:8)
  A wyvern skeleton (D:8)
  4 scorpions
  3 killer bees (D:7)
  4 howler monkeys
  2 bullfrog zombies
  5 crimson imps
  2 hounds (D:7)
  2 jellies (D:9)
  3 orc priests
  6 orc wizards
  6 iguanas
  11 worker ants
  A hound zombie (D:6)
  3 hound skeletons
  A worker ant zombie (D:6)
  6 adders
  2 shadow imps (D:9)
  2 oozes
  An adder skeleton (D:9)
  3 worms
  A dart slug (D:2)
  9 leopard geckos
  26 orcs
  5 bats
  4 giant cockroaches
  11 goblins
  4 hobgoblins
  5 jackals
  9 kobolds
  6 quokkas
  3 ball pythons
  2 ball python skeletons (D:4)
  2 frilled lizards (D:2)
  3 leopard gecko skeletons
  2 quokka skeletons
  7 rats
207 creatures vanquished.

Vanquished Creatures (collateral kills)
  A blink frog (Lair:1)
  A spriggan (D:7)
  An orc warrior (D:6)
3 creatures vanquished.

Vanquished Creatures (others)
  5 dream sheep (D:9)
  A fungus (Lair:1)
6 creatures vanquished.

Grand Total: 216 creatures vanquished

Notes
Turn   | Place    | Note
-------+----------+-------------------------------------------
     0 | D:1      | Eurus the Draconian Transmuter began the quest for the Orb.
     0 | D:1      | Reached XP level 1. HP: 16/16 MP: 3/3
   226 | D:1      | Reached XP level 2. HP: 23/23 MP: 3/5
   568 | D:1      | Learned a level 2 spell: Sticks to Snakes
   871 | D:2      | Reached XP level 3. HP: 23/28 MP: 6/6
   969 | D:2      | Found a radiant altar of Vehumet.
  1691 | D:2      | Reached skill level 3 in Transmutations
  1691 | D:2      | Reached XP level 4. HP: 27/36 MP: 5/7
  2747 | D:3      | Found a shimmering blue altar of Sif Muna.
  2843 | D:2      | Reached XP level 5. HP: 3/42 MP: 6/8
  4006 | D:4      | Found a sparkling altar of Nemelex Xobeh.
  4021 | D:3      | Reached skill level 4 in Transmutations
  4021 | D:3      | Reached XP level 6. HP: 34/50 MP: 10/10
  5303 | D:5      | Entered Level 5 of the Dungeon
  5400 | D:5      | Your scales start taking on a rich purple colour.
  5400 | D:5      | Reached XP level 7. HP: 16/57 MP: 11/13
  5711 | D:5      | Noticed Duvessa
  5790 | D:5      | Found a basalt altar of Yredelemnul.
  5790 | D:5      | Found a sacrificial altar of Ru.
  5801 | D:5      | Noticed Menkaure
  6076 | D:5      | Killed Menkaure
  6076 | D:5      | Reached skill level 5 in Transmutations
  6357 | D:6      | Found an opulent altar of Gozag.
  6374 | D:6      | Found a shadowy altar of Dithmenos.
  6374 | D:6      | Found a stormy altar of Qazlal.
  6389 | D:6      | Found a snail-covered altar of Cheibriados.
  6610 | D:6      | Became a worshipper of Qazlal Stormbringer
  6828 | D:6      | Found a sparkling altar of Nemelex Xobeh.
  6942 | D:6      | Found a shattered altar of Ashenzari.
  7121 | D:6      | Found a staircase to the Ecumenical Temple.
  7172 | D:6      | Reached XP level 8. HP: 64/66 MP: 11/15
  7176 | Temple   | Entered the Ecumenical Temple
  7486 | D:6      | Reached skill level 5 in Spellcasting
  7486 | D:6      | Reached skill level 6 in Transmutations
  7555 | D:5      | Learned a level 2 spell: Passwall
  7598 | D:5      | Noticed Dowan
  7606 | D:5      | Killed Duvessa
  7606 | D:5      | Reached skill level 5 in Unarmed Combat
  7620 | D:5      | Killed Dowan
  7772 | D:7      | Found Ompaegat's Assorted Antiques.
  7816 | D:7      | Found Esaag's Antique Armour Shop.
  7884 | D:7      | Found Okirreh's General Store.
  8064 | D:7      | Found Muryx's Magic Scroll Emporium.
  8104 | D:7      | Bought a scroll of magic mapping for 49 gold pieces
  8296 | D:7      | Found Afemuost's Armour Shoppe.
  8480 | D:7      | Reached skill level 5 in Fighting
  8998 | D:7      | Found a burning altar of Makhleb.
  9011 | D:7      | Reached * piety under Qazlal
  9011 | D:7      | Reached skill level 7 in Transmutations
  9312 | D:7      | Reached XP level 9. HP: 9/74 MP: 11/17
 10326 | D:8      | Found Tadueper's Antique Weapon Shoppe.
 10592 | D:8      | Reached skill level 5 in Dodging
 11075 | D:9      | Found a staircase to the Lair.
 11426 | D:9      | Reached skill level 8 in Transmutations
 12327 | D:9      | Found a shimmering altar of Xom.
 12563 | D:9      | Reached XP level 10. HP: 54/84 MP: 20/20
 13044 | D:9      | Found Aska Gihinn's Antique Armour Boutique.
 13091 | D:9      | Identified a scroll of acquirement
 13092 | D:9      | Identified Eurus's Grimoire of the Oath (You acquired it on
                  | level 9 of the Dungeon)
 13286 | D:7      | Bought a +0 pair of boots of running for 472 gold pieces
 13464 | D:9      | Bought a glowing cloak for 217 gold pieces
 13546 | D:9      | Found a bloodstained altar of Trog.
 13865 | Lair:1   | Entered Level 1 of the Lair of Beasts
 14019 | Lair:1   | You fall into a shaft and drop 1 floor!
 14501 | D:9      | Reached ** piety under Qazlal
 15410 | Lair:1   | Reached skill level 9 in Transmutations
 16030 | Lair:1   | Noticed a six-headed hydra
 16408 | D:10     | Entered Level 10 of the Dungeon
 16452 | D:10     | Noticed an unseen horror
 16476 | D:10     | Found a staircase to the Orcish Mines.
 16510 | D:10     | Killed an unseen horror
 16510 | D:10     | Reached skill level 1 in Invocations
 16666 | D:10     | HP: 4/86 [orc warrior/+3 halberd (22)]
 16674 | D:10     | Demolished by an orc warrior

Levels and vault maps discovered:
D:1:      dpeg_arrival_connections, layout_loops_ring, minmay_circled_x
D:2:      layout_loops_corners, vehumet_crystals, minmay_pentomino_pile
D:3:      layout_rooms, led_sif_book
D:4:      layout_rooms, nemelex_xobeh_ov_fountains_minmay
D:5:      layout_cave_pools, gammafunk_temple_overflow_wave, first_ration,
          uniq_duvessa, uniq_menkaure
D:6:      layout_rooms, nicolae_ashenzari_panopticon,
          chequers_temple_overflow_statue_of_worship, grunt_gozag_breadcrumbs,
          minmay_temple_entry_junction, nemelex_spade_bored_becter
D:7:      layout_basic, serial_shops, nicolae_shop_overgrown_old_shop,
          nicolae_shop_behind_doors, shop, kennysheep_mini_moat, shop,
          makhleb_heckhound_becter
D:8:      layout_loops_corners, grunt_pizzeria, kennysheep_windowed_goal
D:9:      layout_stronghold, nicolae_overflow_crystal_walls,
          kb_xom_exploding_sheep, erik_lair_orcish_takeover, serial_shops,
          nicolae_shop_behind_doors
D:10:     layout_loops_cross, minmay_orc_entry_temple_small
Temple:   chequers_temple_sunken
Lair:1:   layout_concentric_octagons
Lair:2:   beast_lair_carwin_large_3, layout_regular_city,
          minmay_shoals_entry_lonely_mermaid, uniq_erica, uniq_prince_ribbit2

Skill      XL: |  1  2  3  4  5  6  7  8  9 10 |
---------------+-------------------------------+-----
Dodging        | 2 3 4 5 6 |  6.5
Fighting       | 2 3 4 5 6 7 |  7.5
Transmutations | 3 4 5 7 8 9 |  9.1
Spellcasting   | 3 4 5 6 7 |  7.8
Unarmed Combat | 4 5 6 8 |  8.6
Invocations    | 1 |  1.1

Action                   |  1- 3 |  4- 6 |  7- 9 | 10-12 || total
-------------------------+-------+-------+-------+-------++-------
Melee: Unarmed           |   139 |   208 |   637 |   208 ||  1192
       Tailslap          |     8 |    17 |    89 |    33 ||   147
       Headbutt          |     5 |    25 |    61 |    38 ||   129
       Punch             |     2 |     3 |    17 |     6 ||    28
       Kick              |     9 |    16 |    74 |     7 ||   106
 Cast: Beastly Appendage |    13 |    34 |    64 |    25 ||   136
       Sticks to Snakes  |       |       |     7 |    14 ||    21
  Use: Scroll            |       |     2 |    10 |     4 ||    16
       Potion            |       |       |     7 |     1 ||     8
 Stab: Sleeping          |       |     1 |     4 |       ||     5
       Distracted        |       |       |       |     1 ||     1
  Eat: Chunk             |     3 |    12 |    13 |     6 ||    34
       Ration            |       |       |     3 |     2 ||     5
Armor: Skin              |    28 |    39 |   120 |    40 ||   227
Dodge: Dodged            |    92 |   131 |   340 |   160 ||   723
       Deflected         |     2 |     8 |     1 |       ||    11
Block: Other             |       |       |   109 |    71 ||   180

Table legend:
 A = Non-vault XP
 B = Vault XP
 C = Vault XP percentage of total XP
 D = Non-vault monster count
 E = Vault monster count
 F = Vault count percentage of total count
                 A         B        C        D         E       F
            +---------+---------+-------+---------+---------+-------
      Total |    8800 |    1466 |  14.3 |     186 |      24 |  11.4
            +---------+---------+-------+---------+---------+-------
        D:1 |      33 |       6 |  15.4 |      21 |       4 |  16.0
        D:2 |      84 |       7 |   7.7 |      19 |       4 |  17.4
        D:3 |     314 |       0 |   0.0 |      25 |       0 |   0.0
        D:4 |     187 |       0 |   0.0 |      16 |       0 |   0.0
        D:5 |     374 |     396 |  51.4 |       8 |       3 |  27.3
        D:6 |     544 |       0 |   0.0 |      18 |       0 |   0.0
        D:7 |     652 |     246 |  27.4 |      16 |       2 |  11.1
        D:8 |     819 |     366 |  30.9 |      18 |       4 |  18.2
        D:9 |    3192 |     445 |  12.2 |      30 |       7 |  18.9
       D:10 |     758 |       0 |   0.0 |       5 |       0 |   0.0
     Lair:1 |    1625 |       0 |   0.0 |       8 |       0 |   0.0
     Lair:2 |     218 |       0 |   0.0 |       2 |       0 |   0.0
            +---------+---------+-------+---------+---------+-------
